 Dungeon Crawl Stone Soup version 0.26-a0-612-gd4d190f45e (webtiles) character file.

Game seed: 1718582401253389011

2 DogServant the Sneak (level 1, -1/9 HPs)
             Began as a Spriggan Enchanter on Sept 10, 2020.
             Slain by a leopard gecko (4 damage)
             ... on level 1 of the Dungeon.
             The game lasted 00:00:49 (178 turns).

DogServant the Sneak (Spriggan Enchanter)            Turns: 178, Time: 00:00:49

Health: -1/9       AC:  2    Str:  4    XL:     1   Next: 33%
Magic:  5/5        EV: 18    Int: 16    God:
Gold:   0          SH:  0    Dex: 16    Spells: 4/5 levels left

rFire    . . .     SeeInvis +   a - +1 dagger
rCold    . . .     Faith    .   (shield restricted)
rNeg     . . .     Spirit   .   b - +0 robe
rPois    .         Reflect  .   (helmet restricted)
rElec    .         Harm     .   (no cloak)
rCorr    .                      (gloves unavailable)
MR       .....                  (boots unavailable)
Stlth    +++.......             (no amulet)
HPRegen  0.03/turn              (no ring)
MPRegen  0.09/turn              (no ring)

@: very quick
A: very small, unfitting armour, see invisible, speed 3
a: no special abilities


You were on level 1 of the Dungeon.
You visited 1 branch of the dungeon, and saw 1 of its levels.

Inventory:

Hand Weapons
 a - a +1 dagger (weapon)
Armour
 b - a +0 robe (worn)


   Skills:
 - Level 1.1 Short Blades
 + Level 3.0 Dodging
 + Level 4.5 Stealth
 * Level 2.7 Spellcasting
 * Level 3.7 Hexes


You had 4 spell levels left.
You knew the following spells:

 Your Spells              Type           Power        Failure   Level
a - Corona                Hex            ##.....      4%          1

Your spell library contained the following spells:

 Spells                   Type           Power        Failure   Level
 Confusing Touch          Hex            ##......     12%         3
 Tukima's Dance           Hex            ##......     12%         3
 Ensorcelled Hibernation  Hex/Ice        #.....       14%         2
 Dazzling Flash           Conj/Hex       #.....       26%         3


Dungeon Overview and Level Annotations

Branches:
Dungeon (1/15)

Altars:


Innate Abilities, Weirdness & Mutations

You are very small and have problems with some larger weapons.
You are too small for most types of armour.
You have supernaturally acute eyesight. (SInv)
You cover ground extremely quickly.


Message History

There are monsters nearby!
A kobold comes into view.
It is wielding a +2 short sword of venom.
You closely miss the kobold.
The kobold throws a stone.
The stone barely misses you. The kobold hits you.
A kobold comes into view. It is wielding a +0 short sword.
You closely miss the kobold. The kobold hits you.
* * * LOW HITPOINT WARNING * * *
As you read the scroll labeled NAIROO VOAS, it crumbles to dust.
You feel blessed for a moment.
It was a scroll of remove curse.
A leopard gecko comes into view.
The leopard gecko hisses angrily.
You barely miss the leopard gecko. The leopard gecko misses you.
You closely miss the leopard gecko. The leopard gecko closely misses you.
You hit the leopard gecko.
The leopard gecko is moderately wounded.
The leopard gecko misses you.
You hit the leopard gecko.
The leopard gecko is heavily wounded.
The leopard gecko bites you.
You die...

..≈≈ ...≈### ≈.....#
...≈#.# ####### .§≈≈#.#
#.....#
≈≈≈≈#.##########.....#
≈≈≈≈#..........#.....#
#####.########.#.....###
#........#..@l.....#
############.#.........#
.............#......^...
#########....##........#
..... ..........##.#.#..
#####.###....##.# .#.# .
###...#.# .# # ......#
.# .......


You could see a leopard gecko.

Vanquished Creatures
  A bat (D:1)
  A goblin (D:1)
2 creatures vanquished.

Notes
Turn   | Place    | Note
-------+----------+-------------------------------------------
     0 | D:1      | DogServant the Spriggan Enchanter began the quest for the
                  | Orb.
     0 | D:1      | Reached XP level 1. HP: 9/9 MP: 5/5
   178 | D:1      | Slain by a leopard gecko

Illustrated notes

Levels and vault maps discovered:
D:1:      dpeg_arrival_shrine, layout_basic, fountainhead, minmay_crystal_room,
          minmay_octomino_c4

Action                   || total
-------------------------++-------
Melee: Dagger            ||    11
  Use: Scroll            ||     1
 Stab: Sleeping          ||     1
Dodge: Dodged            ||     6

Table legend: (Time is in decaauts)
 A = Elapsed time spent in this place.
 B = Non-inter-level travel time spent in this place.
 C = Inter-level travel time spent in this place.
 D = Time resting spent in this place.
 E = Time spent auto-exploring this place.
 F = Levels seen in this place.
 G = Mean time per level.
                   A        B        C        D        E       F      G
               +--------+--------+--------+--------+--------+-----+--------+
         Total |    141 |    141 |      0 |      0 |     91 |   1 |  141.0 |
       Dungeon |    141 |    141 |      0 |      0 |     91 |   1 |  141.0 |
               +--------+--------+--------+--------+--------+-----+--------+

Top non-repeatable levels by time:
     D:1: 141 daAuts
